Match 47468323
Unlisted

Match 47468323
End
Construct Infanterie Kompanie
Selects Terror Battlegroup
Selects Machine Gun Camouflage
MG 42 Machine Gun Team
MG 42 Machine Gun Team
Grenadier Squad
Grenadier Squad
Infanterie Officer Quarters
Construct Luftwaffe Kompanie
221 Scout Car
MG 42 Bunker
Jäger Squad
Support Elements
Wirbelwind Flakpanzer
Jäger Squad
Medical Bunker
Marder III M Tank Destroyer
Selects Defend the Fatherland
Marder III M Tank Destroyer
Marder III M Tank Destroyer
Flankie Flankema
White Raven
Tanith's Finest
Yngvi
Kikastis
iPlayThisNaked
WeakTendon
PH0BB05
0
0

Comments sign in to comment!

No comments posted yet!